AoeStats
← BunkeroXcomm

Arabia

509988813Analyzed
1v1 RM · 4d ago on Sep 28, 2026· 44m 50s· 2 players
Game mode
Random Map
Map size
Tiny (2 player)
Population
200
Speed
Normal
Resources
Standard
Victory
Conquest
Starting age
Dark Age
Ending age
Imperial Age
RankedLock teamsTeams togetherTeam positionsShared explorationLock speedFull tech treeHidden civsTurbo modeCheats
Victory
Defeat
🇺🇸 Magyars · United States
1157
+15
🇨🇴 Bengalis · Colombia
1140
-15
BunkeroXcomm
6:38 Loom
10:34 Feudal Age
13:47 Horse Collar
13:52 Double-Bit Axe
17:17 Forging
22:35 Castle Age
21:16 Scale Barding Armor
21:48 Bloodlines
22:05 Gold Mining
22:07 Stone Mining
23:39 Wheelbarrow
23:49 Chain Barding Armor
25:19 Husbandry
26:16 Pikeman
27:34 Iron Casting
28:43 Squires
29:19 Scale Mail Armor
31:17 Fletching
32:21 Elite Skirmisher
33:53 Chain Mail Armor
35:16 Padded Archer Armor
37:42 Ballistics
38:05 Bodkin Arrow
39:26 Light Cavalry
44:42 Imperial Age
Dozer
6:12 Loom
8:54 Feudal Age
10:18 Double-Bit Axe
12:07 Horse Collar
13:31 Wheelbarrow
21:16 Castle Age
21:11 Bloodlines
21:20 Light Cavalry
22:01 Husbandry
22:54 Bow Saw
23:02 Fletching
23:17 Scale Barding Armor
27:09 Town Watch
27:51 Bodkin Arrow
29:42 Thumb Ring
30:01 Padded Archer Armor
33:16 Leather Archer Armor
33:27 Bow Saw
33:23 Gold Mining
33:23 Stone Mining
34:47 Chain Barding Armor
39:42 Imperial Age
40:54 Recurve Bow
40:59 Bracer
41:29 Ring Archer Armor
41:35 Plate Barding Armor
41:16 Recurve Bow
41:43 Ballistics
43:27 Chemistry
43:46 Hand Cart
44:58 Two-Man Saw
44:01 Heavy Plow
43:52 Treadmill Crane
Connection lost

Rejoining the realm…

Still unreachable

The connection could not be restored.

Session expired

The server has moved on; the page needs a fresh start.